 Dungeon Crawl Stone Soup version 0.32-a0-361-g289a535e89 (webtiles) character file.

Game seed: 4220211915603653297

13234 dialectric the Fighter (level 12, -4/101 HPs)
             Began as a Coglin Berserker on Feb 18, 2024.
             Was a High Priest of Trog.
             Incinerated by a deep elf pyromancer (9 damage)
             ... with a pyre arrow
             ... on level 12 of the Dungeon.
             The game lasted 00:16:03 (11589 turns).

dialectric the Fighter (Coglin Berserker)          Turns: 11589, Time: 00:16:03

Health: -4/101     AC: 30    Str: 24    XL:     12   Next: 3%
Magic:  12/12      EV:  7    Int: 17    God:    Trog [*****.]
Gold:   1030       SH:  0    Dex: 16    Spells: 11/11 levels left

rFire   . . .        I - +10 whip "Xiybrisch" {elec, rN+ Str+4 Int+4}
rCold   . . .        G - +3 whip (freeze) {Astrid}
rNeg    + . .        b - +6 crystal plate armour "Onkeigia" {Fly Will++ Str-3 Dex+3}
rPois   .            w - +2 helmet
rElec   .            f - +0 cloak
rCorr   +            (no gloves)
SInv    .            (no boots)
Will    ++...        R - amulet of regeneration Stlth
                     O - +6 ring of intelligence
HPRegen 1.16/turn    Q - ring of resist corrosion
MPRegen 0.13/turn

%: no passive effects
@: on fire, on berserk cooldown, flying, glowing, studying Fighting, revving
A: off-hand wielding, slow wielding, warmup strikes, warmup strides
a: Renounce Religion, Berserk, Trog's Hand, Brothers in Arms


You were on level 12 of the Dungeon.
You worshipped Trog.
Trog was extremely pleased with you.
You visited 1 branch of the dungeon, and saw 12 of its levels.
You also visited: Bailey.

You collected 1030 gold pieces.

Inventory:

Hand Weapons
 u - a +1 antimagic trident {Xue}
 F - a +4 dire flail of holy wrath
 G - a +3 whip of freezing (worn) {Astrid}
 I - the +10 whip "Xiybrisch" (weapon) {elec, rN+ Str+4 Int+4}
   (You found it on level 5 of the Dungeon)

   Str+4:     It affects your strength (+4).
   Int+4:     It affects your intelligence (+4).
   rN+:       It protects you from negative energy.
Missiles
 D - 28 poisoned darts (quivered)
Armour
 b - the +6 crystal plate armour "Onkeigia" (worn) {Fly Will++ Str-3 Dex+3}
   (You acquired it in a bailey)

   Str-3:     It affects your strength (-3).
   Dex+3:     It affects your dexterity (+3).
   Will++:    It greatly increases your willpower.
   Fly:       It grants you flight.
 f - a +0 cloak (worn)
 i - the +0 helmet of Camainapt {rCorr}
   (You found it in a bailey)

   rCorr:     It protects you from acid and corrosion.
 w - a +2 helmet (worn)
 N - a +2 chain mail of cold resistance
Jewellery
 O - a +6 ring of intelligence (left grasper)
 Q - a ring of resist corrosion (right grasper)
 R - an amulet of regeneration (around neck)
Talismans
 J - a blade talisman
Wands
 q - a wand of polymorph (3)
 y - a wand of charming (25)
 z - a wand of digging (15)
 A - a wand of quicksilver (9)
 M - a wand of flame (7)
Scrolls
 c - a scroll of summoning {unknown}
 e - 2 scrolls of noise {unknown}
 p - 2 scrolls of brand weapon {unknown}
 r - 3 scrolls of blinking {unknown}
 s - 4 scrolls of teleportation
 t - 2 scrolls of torment {unknown}
 v - 5 scrolls of immolation {unknown}
 E - a scroll of fear
 K - a scroll of fog {unknown}
 L - 2 scrolls of enchant weapon
 P - 2 scrolls of revelation {unknown}
 S - a scroll of vulnerability {unknown}
 T - a scroll of amnesia {unknown}
 U - a scroll of enchant armour {unknown}
Potions
 a - a potion of cancellation {unknown}
 d - 4 potions of lignification
 g - 3 potions of brilliance
 h - 3 potions of haste {unknown}
 j - 2 potions of heal wounds
 k - 2 potions of resistance
 l - 3 potions of might
 m - 7 potions of curing
 n - 2 potions of attraction
 o - 2 potions of enlightenment
 x - 2 potions of berserk rage
 B - a potion of magic {unknown}
 C - 2 potions of mutation {unknown}
 H - 2 potions of invisibility {unknown}


   Skills:
 + Level 11.7 Fighting
 - Level 8.6 Short Blades
 + Level 7.5 Maces & Flails
 - Level 2.8 Polearms
 + Level 8.8 Armour
 - Level 6.0 Dodging


You had 11 spell levels left.
You didn't know any spells.
Your spell library was empty.

Dungeon Overview and Level Annotations

Branches:
Dungeon (12/15)            Temple (0/1) D:6            Lair (0/5) D:9
    Orc (0/2) D:9          Bailey (visited)

Altars:
Ashenzari
Cheibriados
Elyvilon
Fedhas
Gozag
Hepliaklqana
Qazlal
Ru
Sif Muna
Wu Jian
Xom
Zin

Shops:
D:1 :   D:3 *   D:9 [(

Annotations:
D:4 3 runed translucent doors, gdog's ghost, amateur GnDe


Innate Abilities, Weirdness & Mutations

You can wield a second weapon in your off-hand.
It takes a long time for you to wield or remove held weapons.
Your first few attacks do less damage.
Your first movements take longer.


Message History

The deep elf pyromancer casts a spell at you.
The pyre arrow hits you.
You are even more covered in intense liquid fire!
The fire elemental hits you. The fire elemental burns you!
You are too injured to fight recklessly!
You hit the deep elf pyromancer with the +10 whip "Xiybrisch".
The deep elf pyromancer is almost dead.
You hit the deep elf pyromancer but do no damage.
The liquid fire burns you! The fire elemental hits you.
The fire elemental burns you!
The deep elf pyromancer casts a spell at you.
The bolt of fire hits you but does no damage.
You are too injured to fight recklessly!
You thrash the deep elf pyromancer with the +10 whip "Xiybrisch"!!
Lightning courses through the deep elf pyromancer!
You kill the deep elf pyromancer!
Trog accepts your kill.
Trog appreciates your killing of a magic user.
The fire elemental disappears in a puff of smoke!
The liquid fire burns you!
* * * LOW HITPOINT WARNING * * *
You feel yourself speed up.
You have reached level 12!
You feel clever.
You shake off some of the fire as you move.
The liquid fire burns you!
* * * LOW HITPOINT WARNING * * *
You see here a +0 long sword.
Unknown command.
You feel much better. The liquid fire burns you!
* * * LOW HITPOINT WARNING * * *
You are on fire!
You shake off some of the fire as you move.
The liquid fire burns you!
* * * LOW HITPOINT WARNING * * *
Unknown command.
You shake off some of the fire as you move.
The liquid fire burns you!
You die...

####......###......######......
......ß.........#..............
...##...##...##...##..........#
.........................####
......................#..#
.############.##########.# .#
#.# #.## .# ##'#######
#..###### .# #..).@...#
##..)...# ## #...####.#
#).###.# #...# #.# #....#.##
#...# #.# #.##...#. ##### #.#
#.###..#. #.#####.....>..
#.....)...##.## #########.##.#
#.##.#


There were no monsters in sight!

Vanquished Creatures
  An orc warlord (Bailey)
  2 two-headed ogres
  A skeletal warrior (D:12)
  Pikel (D:5)
  2 deep elf pyromancers (D:12)
  Joseph (D:8)
  A cane toad (D:9)
  A gargoyle (D:7)
  2 komodo dragons (D:9)
  A kobold demonologist (D:9)
  3 trolls
  A hornet (D:11)
  8 yaks
  A shadow (D:12)
  2 wraiths
  A wyvern (D:8)
  A vampire (D:11)
  A basilisk (D:9)
  4 vampire mosquitoes (D:12)
  A steam dragon (D:10)
  An acid dragon (D:12)
  Edmund (D:5)
  An ice beast (D:6)
  7 orc warriors
  3 sky beasts
  7 centaurs
  A lemure (D:4)
  A phantom (D:6)
  4 kobold brigands
  6 bullfrogs
  2 scorpions
  10 killer bees
  2 howler monkeys
  A bombardier beetle (D:6)
  2 hounds
  A jelly (D:5)
  Crazy Yiuf (D:3)
  Ijyb (D:3)
  3 orc priests
  A sleepcap (D:8)
  5 iguanas
  5 orc wizards
  Robin (D:3)
  8 adders
  12 gnolls
  A white imp (D:5)
  2 ufetubi (D:5)
  2 ribbon worms
  2 dart slugs
  38 orcs
  4 endoplasms
  3 giant cockroaches
  17 goblins
  12 hobgoblins
  3 jackals (D:1)
  7 ball pythons
  4 bats
  7 frilled lizards
  26 kobolds
  3 rats
254 creatures vanquished.

Notes
Turn   | Place    | Note
-------+----------+-------------------------------------------
     0 | D:1      | dialectric the Coglin Berserker began the quest for the
                  | Orb.
     0 | D:1      | Reached XP level 1. HP: 18/18 MP: 1/1
   117 | D:1      | Reached XP level 2. HP: 20/24 MP: 2/2
   166 | D:1      | Found Iciecedie's Vocational Training.
   472 | D:1      | Reached XP level 3. HP: 28/29 MP: 3/3
   766 | D:2      | Found a stormy altar of Qazlal.
  1064 | D:2      | Reached ** piety under Trog
  1138 | D:2      | Reached XP level 4. HP: 35/35 MP: 4/4
  1292 | D:2      | Identified the +6 sling of Ovif {antimagic, Will+}
  1927 | D:3      | Reached XP level 5. HP: 25/42 MP: 5/5
  2524 | D:3      | Found Keom's Assorted Antiques.
  2538 | D:3      | Noticed Robin
  2557 | D:3      | Reached skill level 4 in Fighting
  2561 | D:3      | Killed Robin
  2661 | D:3      | Noticed Ijyb
  2706 | D:3      | Killed Ijyb
  2815 | D:3      | Reached XP level 6. HP: 48/48 MP: 6/6
  2919 | D:3      | Found a runed translucent door.
  2920 | D:3      | Noticed Crazy Yiuf
  3024 | D:4      | Reached *** piety under Trog
  3276 | D:4      | Found a glowing silver altar of Zin.
  3464 | D:4      | Reached skill level 1 in Polearms
  3470 | D:4      | HP: 2/73 [gnoll/+0 halberd (6)]
  3480 | D:4      | Found a blossoming altar of Fedhas.
  3631 | D:4      | Found a shimmering blue altar of Sif Muna.
  3632 | D:4      | Found a hazy altar of Hepliaklqana.
  3636 | D:4      | Found a white marble altar of Elyvilon.
  3735 | D:4      | Found an opulent altar of Gozag.
  3779 | D:4      | Found a runed translucent gate.
  3779 | D:4      | Found a runed translucent gate.
  3780 | D:4      | Found a runed translucent gate.
  3782 | D:4      | Noticed gdog's ghost (amateur GnDe)
  4101 | D:5      | Entered Level 5 of the Dungeon
  4179 | D:5      | Reached XP level 7. HP: 46/55 MP: 7/7
  4255 | D:5      | Noticed Pikel
  4400 | D:5      | Noticed Edmund
  4408 | D:5      | Killed Edmund
  4409 | D:5      | Reached skill level 5 in Fighting
  4726 | D:5      | Killed Pikel
  4727 | D:5      | Reached skill level 6 in Fighting
  4727 | D:5      | Reached XP level 8. HP: 63/64 MP: 8/8
  4995 | D:5      | Identified the +10 whip "Xiybrisch" {elec, rN+ Str+4 Int+4}
  5501 | D:3      | Killed Crazy Yiuf
  5741 | D:6      | Found a staircase to the Ecumenical Temple.
  5801 | D:6      | Reached skill level 5 in Short Blades
  5801 | D:6      | Reached skill level 1 in Maces & Flails
  5961 | D:6      | Reached XP level 9. HP: 53/69 MP: 9/9
  6148 | D:6      | Found an ornate altar of the Wu Jian Council.
  6383 | D:7      | Reached skill level 5 in Dodging
  6407 | D:7      | Reached skill level 5 in Armour
  6452 | D:7      | Found a broken altar of Ashenzari.
  6476 | D:7      | Noticed a gargoyle
  6486 | D:7      | Killed a gargoyle
  6926 | D:8      | Reached **** piety under Trog
  6948 | D:8      | Noticed Joseph
  6960 | D:8      | Killed Joseph
  7244 | D:8      | Found a flagged portal.
  7259 | Bailey   | Entered a bailey
  7267 | Bailey   | Noticed an orc warlord
  7347 | Bailey   | Found a runed translucent gate.
  7349 | Bailey   | Found a runed translucent gate.
  7351 | Bailey   | Found a runed translucent gate.
  7369 | Bailey   | Reached XP level 10. HP: 48/77 MP: 10/10
  7525 | Bailey   | Killed an orc warlord
  7526 | Bailey   | Reached skill level 7 in Fighting
  7554 | Bailey   | Identified the +0 helmet of Camainapt {rCorr}
  7565 | Bailey   | Acquired the +6 crystal plate armour "Onkeigia" {Fly Will++
                  | Str-3 Dex+3}
  7759 | D:8      | Found a snail-covered altar of Cheibriados.
  7996 | D:9      | Found Muaceun's Armour Emporium.
  7998 | D:9      | Found a staircase to the Orcish Mines.
  8001 | D:9      | Found Datesell's Weapon Emporium.
  8125 | D:9      | Found a staircase to the Lair.
  8125 | D:9      | Noticed a cane toad
  8135 | D:9      | Reached skill level 8 in Fighting
  8135 | D:9      | Reached skill level 5 in Maces & Flails
  8140 | D:9      | Killed a cane toad
  8147 | D:9      | HP: 2/82 [komodo dragon (6)]
  8360 | D:9      | Found a shimmering altar of Xom.
  8476 | D:9      | Noticed a kobold demonologist
  8481 | D:9      | Noticed a soul eater
  8485 | D:9      | Killed a kobold demonologist
  8595 | D:9      | Reached skill level 9 in Fighting
  9033 | D:10     | Entered Level 10 of the Dungeon
  9074 | D:10     | Reached XP level 11. HP: 75/89 MP: 11/11
  9196 | D:10     | Reached ***** piety under Trog
  9525 | D:10     | Noticed a two-headed ogre
  9534 | D:10     | Killed a two-headed ogre
  9803 | D:10     | Found a sacrificial altar of Ru.
 10051 | D:11     | Noticed a two-headed ogre
 10057 | D:11     | Killed a two-headed ogre
 10058 | D:11     | Reached skill level 10 in Fighting
 10550 | D:11     | Paralysed by a hornet for 2 turns
 11045 | D:12     | Noticed a deep elf pyromancer
 11046 | D:12     | Noticed a deep elf pyromancer
 11047 | D:12     | Noticed a centaur warrior
 11047 | D:12     | Noticed a centaur warrior
 11049 | D:12     | Noticed a deep elf pyromancer
 11057 | D:12     | Noticed a skeletal warrior
 11059 | D:12     | Noticed a skeletal warrior
 11059 | D:12     | Noticed a tengu warrior
 11271 | D:12     | Reached skill level 11 in Fighting
 11491 | D:12     | Killed a deep elf pyromancer
 11553 | D:12     | Killed a skeletal warrior
 11585 | D:12     | Killed a deep elf pyromancer
 11586 | D:12     | Reached XP level 12. HP: 20/101 MP: 12/12
 11588 | D:12     | HP: 3/101 [burnt (16)]
 11589 | D:12     | Incinerated by a deep elf pyromancer

Illustrated notes

Levels and vault maps discovered:
D:1:      scummos_arrival_checkerplants, layout_basic, nicolae_shop_vocational
D:2:      layout_basic, basic_altar
D:3:      layout_loops_ring, serial_shops, shop, grunt_ministairs_3, uniq_robin,
          uniq_crazy_yiuf_cottage, uniq_ijyb
D:4:      layout_basic, pdpol_temple_overflow_zin_treasury_gozag_greed,
          minitemple, ebering_ghost_rock_garden
D:5:      cheibrodos_quashed, layout_gridville, uniq_pikel, uniq_edmund
D:6:      layout_loops_cross, nicolae_wu_jian_immortal_techniques,
          minmay_temple_entry_glassed_door
D:7:      kennysheep_spiral_hall, layout_rooms, nicolae_ashenzari_panopticon,
          okawaru_ov_weapons_minmay
D:8:      layout_loops_ring, kennysheep_little_box, enter_bailey_3, uniq_joseph
D:9:      layout_irregular_city, mainiacjoe_overflow_brackets,
          dpeg_lair_monsters, orc_david_3, dk_noncrumbling_2
D:10:     layout_irregular_city, general_overflow_altar
D:11:     layout_long_grid
D:12:     regret_index_infernal_bastille, layout_basic, drop_trap

Skill      XL: |  1  2  3  4  5  6  7  8  9 10 11 |
---------------+----------------------------------+-----
Armour         | 2 3 4 6 7 8 |  8.8
Dodging        | 2 3 4 6 |  6.0
Short Blades   | 3 4 5 6 7 8 |  8.6
Fighting       | 4 6 9 11 | 11.7
Polearms       | 1 2 |  2.8
Maces & Flails | 2 4 5 7 |  7.5

Action                     |  1- 3 |  4- 6 |  7- 9 | 10-12 || total
---------------------------+-------+-------+-------+-------++-------
  Melee: Short sword       |   118 |   288 |    39 |       ||   445
         Trident           |       |   110 |    41 |       ||   151
         Whip              |       |       |   231 |   467 ||   698
  Throw: Dart              |       |       |     5 |     4 ||     9
 Invoke: Berserk           |       |     1 |     4 |     6 ||    11
         Trog's Hand       |       |       |       |     1 ||     1
  Evoke: Wand              |       |       |       |     1 ||     1
    Use: Scroll            |       |       |    10 |     7 ||    17
         Potion            |       |       |       |     4 ||     4
   Stab: Sleeping          |     1 |     1 |     1 |       ||     3
 Armour: Animal skin       |    35 |   157 |    57 |       ||   249
         Chain mail        |       |       |    40 |     8 ||    48
         Crystal plate arm |       |       |       |   409 ||   409
  Dodge: Dodged            |    39 |   140 |    99 |   129 ||   407

Table legend: (Time is in decaauts)
 A = Elapsed time spent in this place.
 B = Non-inter-level travel time spent in this place.
 C = Inter-level travel time spent in this place.
 D = Time resting spent in this place.
 E = Time spent auto-exploring this place.
 F = Levels seen in this place.
 G = Mean time per level.
                   A        B        C        D        E       F      G
               +--------+--------+--------+--------+--------+-----+--------+
         Total |  12167 |  11646 |    521 |    279 |   9029 |  13 |  935.9 |
       Dungeon |  11781 |  11260 |    521 |    279 |   8924 |  12 |  981.8 |
        Bailey |    386 |    386 |      0 |      0 |    105 |   1 |  386.0 |
               +--------+--------+--------+--------+--------+-----+--------+

Top non-repeatable levels by time:
     D:5: 1477 daAuts
     D:3: 1380 daAuts
     D:4: 1270 daAuts
    D:11: 1110 daAuts
     D:9: 1092 daAuts
     D:2: 980 daAuts
    D:10: 945 daAuts
     D:6: 835 daAuts
     D:8: 800 daAuts
     D:1: 796 daAuts
    D:12: 625 daAuts
     D:7: 467 daAuts
  Bailey: 386 daAuts
